 Dungeon Crawl Stone Soup version 0.28-a0-1190-g77e1c55843 (webtiles) character file.

Game seed: 8841581136739458881

1008 Essalna the Gusty (level 8, -14/60 HPs)
             Began as a Demonspawn Air Elementalist on Dec 18, 2021.
             Demolished by an orc warrior (16 damage)
             ... on level 6 of the Dungeon.
             The game lasted 00:14:04 (5110 turns).

Essalna the Gusty (Demonspawn Air Elementalist)     Turns: 5110, Time: 00:14:04

Health: -14/60     AC:  4    Str:  8    XL:     8   Next: 1%
Magic:  0/15       EV: 14    Int: 20    God:
Gold:   120        SH:  0    Dex: 13    Spells: 7/17 levels left

rFire   + . .      SeeInvis .   f - +4 dagger
rCold   + + .      Faith    .   (no shield)
rNeg    . . .      Spirit   +   m - +1 robe {rC+}
rPois   +          Reflect  .   (no helmet)
rElec   +          Harm     .   (no cloak)
rCorr   +          Rampage  .   b - +0 pair of gloves
Will    .....                   (no boots)
Stlth   ++........              (no amulet)
HPRegen 0.20/turn               (no ring)
MPRegen 0.28/turn               (no ring)

@: resistant, attractive, flying
A: repulsion field 1, powered by pain 2, magic shield, magic regeneration
a: no special abilities


You were on level 6 of the Dungeon.
You visited 1 branch of the dungeon, and saw 6 of its levels.

You collected 120 gold pieces.

Inventory:

Hand Weapons
 e - a +0 dagger
 f - a +4 dagger (weapon)
Armour
 a - a +0 robe
 b - a +0 pair of gloves (worn)
 m - a +1 robe of cold resistance (worn)
Jewellery
 l - a ring of fire
Scrolls
 d - 3 scrolls of amnesia {unknown}
 g - a scroll of vulnerability {unknown}
 k - 2 scrolls of identify {unknown}
 o - a scroll of enchant weapon {unknown}
Potions
 c - 2 potions of flight
 h - 2 potions of resistance
 i - 2 potions of attraction
 j - 2 potions of curing {unknown}
 n - a potion of degeneration {unknown}
 p - a potion of magic {unknown}
 q - a potion of invisibility {unknown}


   Skills:
 + Level 3.7 Fighting
 - Level 1.7 Dodging
 - Level 1.7 Stealth
 + Level 5.0 Spellcasting
 + Level 4.3 Conjurations
 + Level 5.3 Air Magic


You had 7 spell levels left.
You knew the following spells:

 Your Spells              Type           Power      Damage    Failure   Level
a - Shock                 Conj/Air       96%        1d9       1%          1
b - Swiftness             Air            26%        N/A       4%          3
c - Static Discharge      Conj/Air       24%        N/A       2%          2
d - Airstrike             Air            13%        N/A       13%         4

Your spell library contained the following spells:

 Spells                   Type           Power      Damage    Failure   Level
 Iskenderun's Battlesphe  Conj           22%        2d8       47%         5
 Iron Shot                Conj/Erth      6%         9d2       100%        6
 Spellforged Servitor     Conj/Summ      6%         N/A       100%        7


Dungeon Overview and Level Annotations

Branches:
Dungeon (6/15)
 Temple: D:4-7

Altars:
Ashenzari

Shops:
D:4 !

Annotations:
D:3 4 runed translucent doors, Crazy Yiuf; chumloofah's ghost, weakling DsCK; witty6's ghost, amateur MiBe
D:4 2 transporters


Innate Abilities, Weirdness & Mutations

You are surrounded by a mild repulsion field. (EV +2)
You sometimes gain power by taking damage.
When hurt, damage is shared between your health and your magic reserves.
You regenerate magic rapidly.


Message History

The orc wizard casts a spell.
The orc wizard flickers and vanishes!
You're too confused to move!
The orc warrior misses you.
You bump into the rock wall.
The orc warrior hits you from afar with a +0 trident!
You bump into the rock wall.
You feel less confused.
The orc warrior hits you from afar with a +0 trident!!
* * * LOW HITPOINT WARNING * * *
It was a potion of flight.
You feel very buoyant.
You fly up into the air.
The orc warrior closely misses you.
There are monsters nearby!
There are monsters nearby!
You hear some strange, mumbled words.
A puff of flame appears from out of thin air!
The puff of flame hits you!
* * * LOW HITPOINT WARNING * * *
It was a potion of resistance.
You feel protected.
A magic dart appears from out of thin air!
The magic dart hits you!
* * * LOW HITPOINT WARNING * * *
It was a potion of attraction.
You feel attractive to monsters.
A puff of flame appears from out of thin air!
The puff of flame hits something!
Reactivating autopickup.
You feel a bit more experienced.
The orc warrior is attracted toward you.
Something is attracted toward you.
Your Spellcasting skill increases to level 5!
You have reached level 8!
You feel clever.
Your demonic ancestry asserts itself...
You begin to radiate repulsive energy.
Okay, then.
Unknown command.
Found a scroll labelled TEUGGU TAFO.
The orc warrior hits you from afar with a +0 trident!
You die...

### ##.###############
...........o.{.ยง.#
.....#####<#####{#
##.#.# #.# #o# #.#.#
#.### #.# #.#.#
#...###@## #.#.#
#.........?....
#.#.#####...###.#######
#.#........## #.#
#.#######.#####.##
#...##.>.........#
###.##.#.######..#
..##.##.#.# ....
.....))...##....


You could see an orc warrior.

Vanquished Creatures
  Sigmund (D:3)
  2 necrophages
  A phantom (D:4)
  A scorpion (D:4)
  A hound (D:3)
  A bullfrog skeleton (D:6)
  2 orc priests (D:4)
  An iguana (D:4)
  Natasha (thrice) (D:2)
  3 orc wizards (D:4)
  11 gnolls
  6 adders
  An adder skeleton (D:4)
  A worm (D:2)
  3 dart slugs
  5 orcs
  8 ball pythons
  4 bats
  4 endoplasms
  3 giant cockroaches
  3 hobgoblins
  2 jackals (D:2)
  8 kobolds
  4 quokkas
  A frilled lizard (D:3)
  6 goblins
  A rat (D:3)
87 creatures vanquished.

Vanquished Creatures (others)
  An orc wizard (D:6)
1 creature vanquished.

Grand Total: 88 creatures vanquished

Notes
Turn   | Place    | Note
-------+----------+-------------------------------------------
     0 | D:1      | Essalna the Demonspawn Air Elementalist began the quest for
                  | the Orb.
     0 | D:1      | Reached XP level 1. HP: 13/13 MP: 3/3
     2 | D:1      | Noticed a tengu
     4 | D:1      | Noticed a vampire
     4 | D:1      | Noticed a ghoul
     6 | D:1      | Noticed a felid
     8 | D:1      | Noticed a vine stalker
     8 | D:1      | Noticed a dwarf
    10 | D:1      | Noticed a formicid
    12 | D:1      | Noticed a gargoyle
    12 | D:1      | Noticed a naga
    14 | D:1      | Noticed a demonspawn
    16 | D:1      | Noticed a human
    16 | D:1      | Noticed a minotaur
    18 | D:1      | Noticed an elf
    18 | D:1      | Noticed an ogre
    20 | D:1      | Noticed an octopode
    22 | D:1      | Noticed a merfolk
    22 | D:1      | Noticed a draconian
    24 | D:1      | Noticed a demigod
    24 | D:1      | Noticed a spriggan
    26 | D:1      | Noticed a troll
   365 | D:1      | Found a faded altar of an unknown god.
   723 | D:1      | Gained mutation: You regenerate magic rapidly. [demonic
                  | ancestry]
   723 | D:1      | Reached XP level 2. HP: 19/19 MP: 3/5
  1162 | D:2      | Gained mutation: When hurt, damage is shared between your
                  | health and your magic reserves. [demonic ancestry]
  1162 | D:2      | Reached XP level 3. HP: 24/24 MP: 0/6
  1525 | D:2      | Noticed Natasha
  1557 | D:3      | Reached XP level 4. HP: 15/30 MP: 0/8
  2003 | D:2      | Killed Natasha
  2335 | D:2      | Learned a level 3 spell: Swiftness
  2338 | D:2      | Learned a level 2 spell: Static Discharge
  2573 | D:2      | Noticed Natasha
  2578 | D:2      | Gained mutation: You sometimes gain a little power by
                  | taking damage. [demonic ancestry]
  2578 | D:2      | Reached XP level 5. HP: 21/36 MP: 2/10
  2796 | D:2      | Killed Natasha
  2872 | D:2      | Noticed Natasha
  2882 | D:2      | Killed Natasha
  2883 | D:2      | Reached skill level 1 in Fighting
  3184 | D:3      | Noticed Sigmund
  3198 | D:3      | Killed Sigmund
  3199 | D:3      | Gained mutation: You sometimes gain power by taking damage.
                  | [demonic ancestry]
  3199 | D:3      | Reached XP level 6. HP: 25/44 MP: 1/12
  3712 | D:3      | Found a runed translucent gate.
  3712 | D:3      | Found a runed translucent gate.
  3715 | D:3      | Found a runed translucent gate.
  3717 | D:3      | Noticed chumloofah's ghost (weakling DsCK)
  3717 | D:3      | Noticed witty6's ghost (amateur MiBe)
  3803 | D:3      | Found a runed translucent door.
  3809 | D:3      | Learned a level 4 spell: Airstrike
  3809 | D:3      | Noticed Crazy Yiuf
  3921 | D:4      | Found a transporter.
  3977 | D:4      | Reached XP level 7. HP: 44/51 MP: 1/13
  4080 | D:4      | Found Miron's Distillery.
  4216 | D:4      | Found a transporter.
  4261 | D:4      | Found a broken altar of Ashenzari.
  4492 | D:4      | Reached skill level 5 in Air Magic
  4857 | D:5      | Entered Level 5 of the Dungeon
  4906 | D:5      | Noticed a two-headed ogre
  5108 | D:6      | HP: 1/53 [something/magic dart (5)]
  5110 | D:6      | Reached skill level 5 in Spellcasting
  5110 | D:6      | Gained mutation: You are surrounded by a mild repulsion
                  | field. (EV +2) [demonic ancestry]
  5110 | D:6      | Reached XP level 8. HP: 2/60 MP: 0/15
  5110 | D:6      | Demolished by an orc warrior

Illustrated notes

Levels and vault maps discovered:
D:1:      kb_arrival_jail, layout_basic, hellmonk_ecumenical_altar_arch_garden,
          minmay_misc_feat_enclosed
D:2:      minmay_general_purpose_star, layout_basic, hex_tiny, uniq_natasha
D:3:      minmay_bubble_buster, layout_basic, gammafunk_ghost_cemetery,
          uniq_sigmund, uniq_crazy_yiuf_cottage
D:4:      gammafunk_wand_slinger, layout_basic, ashenzari_altar_1, serial_shops,
          shop
D:5:      layout_rooms, minmay_temple_entry_stoned_glass, nicolae_sextant,
          minmay_hedge_maze, minmay_misc_feat_room
D:6:      layout_loops_ring, minmay_crystal_room

Skill      XL: |  1  2  3  4  5  6  7 |
---------------+----------------------+-----
Air Magic      | 3 4 5 |  5.3
Conjurations   | 2 3 4 |  4.3
Spellcasting   | 3 4 5 |  5.0
Fighting       | 2 3 |  3.7
Dodging        | |  1.7
Stealth        | |  1.7

Action                   |  1- 3 |  4- 6 |  7- 9 || total
-------------------------+-------+-------+-------++-------
Melee: Unarmed           |     8 |       |       ||     8
       Dagger            |    12 |    13 |     2 ||    27
Throw: Dart              |       |       |     4 ||     4
 Cast: Shock             |    76 |   102 |    96 ||   274
       Static Discharge  |       |    12 |     2 ||    14
  Use: Potion            |       |       |     3 ||     3
 Stab: Sleeping          |       |     1 |       ||     1
Armor: Robe              |     4 |     4 |     7 ||    15
Dodge: Dodged            |    21 |    12 |    21 ||    54

Table legend: (Time is in decaauts)
 A = Elapsed time spent in this place.
 B = Non-inter-level travel time spent in this place.
 C = Inter-level travel time spent in this place.
 D = Time resting spent in this place.
 E = Time spent auto-exploring this place.
 F = Levels seen in this place.
 G = Mean time per level.
                   A        B        C        D        E       F      G
               +--------+--------+--------+--------+--------+-----+--------+
         Total |   5130 |   4805 |    325 |     37 |   3965 |   6 |  855.0 |
       Dungeon |   5130 |   4805 |    325 |     37 |   3965 |   6 |  855.0 |
               +--------+--------+--------+--------+--------+-----+--------+

Top non-repeatable levels by time:
     D:3: 1462 daAuts
     D:2: 1320 daAuts
     D:1: 1198 daAuts
     D:4: 897 daAuts
     D:6: 184 daAuts
     D:5: 67 daAuts
